 Dungeon Crawl Stone Soup version 0.23.2-33-g5129a83184 (webtiles) character file.

Game seed: 10632799883884179212

698 Folque the Chiller (level 7, -2/48 HPs)
             Began as a Human Ice Elementalist on July 7, 2019.
             Slain by an orc priest (5 damage)
             ... on level 5 of the Dungeon.
             The game lasted 00:17:03 (5276 turns).

Folque the Chiller (Human Ice Elementalist)         Turns: 5276, Time: 00:17:03

Health: -2/48      AC:  5    Str:  8    XL:     7   Next: 97%
Magic:  7/14       EV: 12    Int: 18    God:
Gold:   292        SH:  0    Dex: 13    Spells: 2/16 levels left

rFire    . . .     SeeInvis .   r - +0 quarterstaff
rCold    . . .     Gourm    .   (shield currently unavailable)
rNeg     . . .     Faith    .   a - +0 robe
rPois    .         Spirit   .   e - +0 helmet
rElec    .         Reflect  .   y - +0 cloak
rCorr    .         Harm     .   (no gloves)
MR       .....                  K - +0 pair of boots
Stlth    ++........             (no amulet)
HPRegen  0.16/turn              (no ring)
MPRegen  0.14/turn              (no ring)

@: no status effects
A: no striking features
a: no special abilities


You were on level 5 of the Dungeon.
You were not hungry.

You visited 1 branch of the dungeon, and saw 5 of its levels.

You collected 292 gold pieces.

Inventory:

Hand Weapons
 k - a +0 short sword
 r - a +0 quarterstaff (weapon)
 s - a +2 dagger of freezing
 E - a +0 rapier
Armour
 a - a +0 robe (worn)
 e - a +0 helmet (worn)
 u - the +3 ring mail of the Exiled Places {rPois MP-9 Int+2, unknown}
   (You found it on level 4 of the Dungeon)

   It affects your intelligence (+2).
   It protects you from poison.
   It affects your magic capacity (-9).
 y - a +0 cloak (worn)
 K - a +0 pair of boots (worn)
Jewellery
 i - an uncursed ring of wizardry {unknown}
 m - an uncursed amulet of harm {unknown}
 n - an uncursed amulet of harm {unknown}
 p - an uncursed ring of see invisible {unknown}
 t - a cursed -3 ring of protection {unknown}
 z - an uncursed amulet of the gourmand {unknown}
 F - an uncursed ring of magical power {unknown}
 J - an uncursed amulet of harm {unknown}
Wands
 v - a wand of random effects (5)
 w - a wand of clouds (4)
Scrolls
 d - a scroll of amnesia
 f - a scroll of remove curse
 g - 8 scrolls of identify
 h - 5 scrolls of teleportation
 x - 2 scrolls of immolation {unknown}
 A - a scroll of random uselessness {unknown}
 B - 2 scrolls of enchant armour {unknown}
 G - 2 scrolls of magic mapping {unknown}
Potions
 b - a potion of curing
 j - a potion of degeneration {unknown}
 l - a potion of invisibility {unknown}
 o - a potion of haste {unknown}
 q - a potion of berserk rage {unknown}
 C - a potion of agility {unknown}
 D - a potion of magic {unknown}
 I - a potion of lignification {unknown}
Comestibles
 c - 11 rations
 H - 4 chunks of flesh


   Skills:
 - Level 1.0 Fighting
 - Level 2.0 Dodging
 - Level 2.0 Stealth
 - Level 5.3 Spellcasting
 + Level 1.7 Conjurations
 + Level 3.1 Summonings
 - Level 5.3 Ice Magic


You had 2 spell levels left.
You knew the following spells:

 Your Spells              Type           Power        Failure   Level  Hunger
a - Freeze                Ice            ###.         1%          1    None
b - Throw Frost           Conj/Ice       ###...       4%          2    #......
c - Ozocubu's Armour      Chrm/Ice       ##......     13%         3    ##.....
d - Summon Ice Beast      Ice/Summ       ###.....     22%         4    ####...
e - Throw Icicle          Conj/Ice       ###.....     30%         4    ####...

Your spell library contained the following spells:

 Spells                   Type           Power        Failure   Level  Hunger


Dungeon Overview and Level Annotations

Branches:
Dungeon (5/15)
 Temple: D:4-7

Altars:
Cheibriados
Gozag

Shops:
D:4 ?


Message History

The orc priest is heavily wounded.
The orc priest invokes the aid of Beogh against you.
Beogh smites you!
* * * LOW HITPOINT WARNING * * *
The orc hits you but does no damage. The orc misses you.
The orc priest calls upon Beogh to heal the orc.
The orc's wounds heal themselves!
You feel better. The orc hits you but does no damage. The orc misses you.
The orc priest calls down the wrath of Beogh upon you.
Beogh smites you!
* * * LOW HITPOINT WARNING * * *
Casting: Freeze (safe; 1% risk of failure)
Confirm with . or Enter, or press ? or * to list all spells.
Aiming: Freeze (safe; 1% risk of failure)
Press: ? - help, Shift-Dir - straight line, f/p - orc priest
Aim: an orc priest, wearing a +0 leather armour (heavily wounded)
You freeze the orc priest.
The orc priest is severely wounded.
The orc misses you. The orc priest hits you.
You die...

# # ##### ### ##### ##...##
..###...###.....##
..##.....#....#.@#
......#......##ooo.# .#
......#....#.......[...##
.).....##.##.......###..#
...#......##........# ..##
.รท###....####......####..#
.(###....## ######..#.#..#
...##.....## #......###
..>........## ##........##


You could see an orc priest and 2 orcs.

Vanquished Creatures
  An ogre (D:4)
  A sky beast (D:5)
  A centaur (D:5)
  A scorpion (D:4)
  A crimson imp (D:5)
  3 orc wizards (D:5)
  A hound (D:4)
  3 worker ants
  A gnoll (D:1)
  3 adders
  4 oozes
  2 adder skeletons (D:4)
  8 worms
  3 dart slugs
  4 leopard geckos
  10 orcs
  5 giant cockroaches
  3 goblins
  10 hobgoblins
  13 jackals
  6 bats
  6 frilled lizards
  7 kobolds
  A quokka skeleton (D:5)
  6 rats
104 creatures vanquished.

Vanquished Creatures (collateral kills)
  3 orcs (D:5)
  2 jackals (D:4)
5 creatures vanquished.

Grand Total: 109 creatures vanquished

Notes
Turn   | Place    | Note
-------+----------+-------------------------------------------
     0 | D:1      | Folque the Human Ice Elementalist began the quest for the
                  | Orb.
     0 | D:1      | Reached XP level 1. HP: 13/13 MP: 3/3
   195 | D:1      | Reached XP level 2. HP: 20/20 MP: 0/5
   265 | D:1      | Reached skill level 1 in Fighting
   265 | D:1      | Reached XP level 3. HP: 18/26 MP: 0/6
   445 | D:1      | Learned a level 2 spell: Throw Frost
   449 | D:1      | Learned a level 3 spell: Ozocubu's Armour
   956 | D:2      | Reached XP level 4. HP: 27/32 MP: 8/8
  1662 | D:2      | Reached XP level 5. HP: 22/37 MP: 10/10
  1677 | D:2      | Learned a level 4 spell: Summon Ice Beast
  3075 | D:4      | Got a brightly glowing ring mail
  3093 | D:4      | Reached XP level 6. HP: 43/43 MP: 5/12
  3541 | D:4      | Reached skill level 1 in Summonings
  3781 | D:4      | Found an opulent altar of Gozag.
  3860 | D:4      | Found Lucer's Magic Scroll Emporium.
  3953 | D:4      | Found a snail-covered altar of Cheibriados.
  3967 | D:4      | Noticed an ogre
  3980 | D:4      | Killed an ogre
  3980 | D:4      | Reached skill level 5 in Ice Magic
  3980 | D:4      | Reached XP level 7. HP: 21/48 MP: 0/14
  4539 | D:5      | Entered Level 5 of the Dungeon
  4611 | D:5      | Reached skill level 5 in Spellcasting
  4813 | D:5      | Learned a level 4 spell: Throw Icicle
  5276 | D:5      | Slain by an orc priest

Skill      XL: |  1  2  3  4  5  6  7 |
---------------+----------------------+-----
Fighting       | 1 |  1.0
Spellcasting   | 3 4 5 |  5.3
Ice Magic      | 4 5 |  5.3
Summonings     | 1 3 |  3.1
Dodging        | |  2.0
Stealth        | |  2.0
Conjurations   | |  1.7

Action                   |  1- 3 |  4- 6 |  7- 9 || total
-------------------------+-------+-------+-------++-------
Melee: Unarmed           |    62 |       |       ||    62
       Short sword       |    38 |     4 |       ||    42
       Quarterstaff      |       |   174 |    37 ||   211
 Cast: Freeze            |    27 |    41 |    18 ||    86
       Throw Frost       |       |    16 |    10 ||    26
       Summon Ice Beast  |       |     1 |     2 ||     3
       Ozocubu's Armour  |       |     1 |     1 ||     2
       Throw Icicle      |       |       |     1 ||     1
  Use: Scroll            |     2 |     1 |     1 ||     4
       Potion            |       |     1 |     1 ||     2
 Stab: Sleeping          |     1 |     6 |       ||     7
  Eat: Chunk             |     1 |    10 |     6 ||    17
Armor: Robe              |    47 |    47 |    16 ||   110
Dodge: Dodged            |    88 |   148 |    39 ||   275
